 Dungeon Sprint DCSS version 0.27-a0-1324-ge0d8e047f6 (webtiles) character file.

Game seed: 1181250885569552428

11226 HESUNTHESUNT the Brawler (level 11, -2/178 HPs)
             Began as a Troll Monk on June 23, 2021.
             Was the Champion of Jiyva.
             Slain by an orc knight (37 damage)
             ... in the Dungeon (Sprint IX: "|||||||||||||||||||||||||||||").
             The game lasted 00:05:03 (909 turns).

HESUNTHESUNT the Brawler (Troll Monk)                Turns: 909, Time: 00:05:03

Health: -2/178     AC:  6    Str: 23    XL:     11   Next: 46%
Magic:  10/10      EV: 17    Int:  5    God:    Jiyva [******]
Gold:   338        SH:  0    Dex: 17    Spells: 10/10 levels left

rFire    . . .     SeeInvis .     - Unarmed
rCold    . . .     Faith    .   (no shield)
rNeg     . . .     Spirit   .   a - +0 robe
rPois    .         Reflect  .   (helmet restricted)
rElec    .         Harm     .   (no cloak)
rCorr    +         Rampage  .   (gloves unavailable)
Will     +....     NoTele   +   (boots unavailable)
Stlth    ..........             (no amulet)
HPRegen  1.39/turn              k - +3 ring of dexterity
MPRegen  0.12/turn              l - +2 ring of protection

@: berserking (expiring), very quick
A: large, unfitting armour, claws 3, regeneration 1, shaggy fur 1, tough skin 1,
horns 2, strong-willed 1
a: Renounce Religion, Request Jelly, Slimify, Cure Bad Mutation


You were in the Dungeon.
You worshipped Jiyva.
Jiyva was exalted by your worship.
You visited 1 branch You collected 338 gold pieces.

Inventory:

Missiles
 m - a curare-tipped dart (quivered)
Armour
 a - a +0 robe (worn)
Jewellery
 k - a +3 ring of dexterity (left claw)
 l - a +2 ring of protection (right claw)
Wands
 j - a wand of acid (10)
 n - a wand of flame (39)
Scrolls
 g - 2 scrolls of blinking
 h - a scroll of holy word
 i - 2 scrolls of amnesia
 q - 2 scrolls of fear
 r - 2 scrolls of enchant weapon
 s - 4 scrolls of enchant armour
Potions
 b - 5 potions of curing
 c - 6 potions of heal wounds
 d - a potion of haste
 e - 4 potions of magic
 o - a potion of brilliance
 p - a potion of resistance


   Skills:
 + Level 10.9 Fighting
 + Level 12.5 Dodging
 - Level 1.0 Stealth
 + Level 20.0 Unarmed Combat


You had 10 spell levels left.
You didn't know any spells.
Your spell library was empty.

Dungeon Overview and Level Annotations

Branches:
Dungeon (1/1)

Altars:
Cheibriados
Dithmenos
Elyvilon
Fedhas
Gozag
Hepliaklqana
Kikubaaqudgha
Makhleb
Nemelex Xobeh
Okawaru
Qazlal
Ru
Sif Muna
Trog
Uskayaw
Vehumet
Wu Jian
Xom
Yredelemnul
Zin
The Shining One
Beogh
Jiyva
Lugonu


Innate Abilities, Weirdness & Mutations

You are too large for most types of armour.
You have claws for hands.
Your natural rate of healing is unusually fast.
You are covered in fur. (AC +1)
You have tough skin. (AC +1)
You have a pair of horns on your head.
You are strong-willed. (Will+)


Message History

The orc knight hits you with a +0 great sword!!
The orc knight roars a battlecry!
You completely miss the orc knight. Your headbutt misses the orc knight.
You claw the orc knight, but do no damage.
The orc knight is lightly wounded.
You barely miss the orc knight.
You headbutt the orc knight, but do no damage.
The orc knight is lightly wounded.
The orc knight hits you with a +0 great sword!!!
* * * LOW HITPOINT WARNING * * *
You shudder from the blow and a jelly pops out!
You barely miss the orc knight.
The orc knight is lightly wounded.
You scratch the orc knight. You headbutt the orc knight!
The orc knight is moderately wounded.
The orc knight hits you with a +0 great sword!!
* * * LOW HITPOINT WARNING * * *
You eviscerate the orc knight!!!
The orc knight is almost dead.
You mangle the orc knight!!
You kill the orc knight!
An orc warrior comes into view. It is wielding a +0 short sword.
The orc warrior shouts!
The orc knight barely misses you.
Things that are here:
a +0 great sword; a +0 plate armour; an orc corpse You eviscerate the orc knight!!!
You headbutt the orc knight, but do no damage.
The orc knight is heavily wounded.
You eviscerate the orc knight!!!
You kill the orc knight!
Your Unarmed Combat skill increases to level 20!
An orc warrior comes into view. It is wielding a +0 dire flail.
The orc warrior shouts!
Items here: $ ( )) [.
You scratch the orc knight but do no damage.
You headbutt the orc knight.
The orc knight is lightly wounded.
The orc knight hits you with a +2 war axe!!!
You die...

▓▓▓▓▓▓▓▓▓▓▓▓▓▓▓▓▓▓▓▓▓▓▓▓
ooooooo@J)'......)$)))))
▓▓▓▓▓▓▓▓▓▓▓▓▓▓▓▓▓▓▓▓▓▓▓▓▓▓▓▓▓▓▓▓▓
...........).....................
▓▓▓▓▓▓▓▓▓▓▓▓▓▓▓▓▓▓▓▓▓▓▓▓▓▓▓▓▓▓▓▓▓
†.††.'........††.........†..†...(
▓▓▓▓▓▓▓▓▓▓▓▓▓▓▓▓▓▓▓▓▓▓▓▓▓▓▓▓▓▓▓▓▓
.................................
▓▓▓▓▓▓▓▓▓▓▓▓▓▓▓▓▓▓▓▓▓▓▓▓▓▓▓▓▓▓▓▓▓
......_J______________________').


You could see 2 orc knights, 4 orc warriors, an orc (strong) and a friendly
rockslime (summoned).

Vanquished Creatures
  A hydra (D)
  A centaur warrior (D)
  Erica (D)
  A two-headed ogre (D)
  Urug (D)
  A deep elf pyromancer (D)
  2 lindwurms (D)
  3 orc knights (D)
  An elephant (D)
  A black mamba (D)
  2 cane toads (D)
  A gargoyle (D)
  2 rime drakes (D)
  2 komodo dragons (D)
  A troll (D)
  2 tyrant leeches (D)
  A wraith (D)
  Grum (D)
  2 yaks (D)
  3 water moccasins (D)
  3 orc warriors (D)
  3 wolves (D)
  A centaur (D)
  A kobold brigand (D)
  5 bullfrogs (D)
  A jelly (D)
  A gnoll shaman (D)
  4 orc priests (D)
  4 orc wizards (D)
  5 worms (D)
  A dart slug (D)
  2 orcs (D)
  A ball python (D)
  A bat (D)
  A goblin (D)
  A jackal (D)
  A kobold (D)
  A quokka skeleton (D)
67 creatures vanquished.

Vanquished Creatures (others)
  3 great orbs of eyes (D)
  A yaktaur captain (D)
  A glowing orange brain (D)
  A kobold demonologist (D)
  A troll (D)
  3 slime creatures (D)
  A vampire mosquito (D)
  9 jellies (D)
20 creatures vanquished.

Grand Total: 87 creatures vanquished

Notes
Turn   | Place    | Note
-------+----------+-------------------------------------------
     0 | D        | HESUNTHESUNT the Troll Monk began the quest for the Orb.
     0 | D        | Reached XP level 1. HP: 22/22 MP: 0/0
    20 | D        | Noticed a jelly
    20 | D        | Noticed a centaur
    30 | D        | Killed a centaur
    31 | D        | Reached skill level 6 in Unarmed Combat
    31 | D        | Reached XP level 2. HP: 18/33 MP: 1/1
    31 | D        | Reached XP level 3. HP: 22/40 MP: 2/2
    31 | D        | Reached XP level 4. HP: 27/49 MP: 3/3
    35 | D        | Reached skill level 5 in Fighting
    43 | D        | Found a snail-covered altar of Cheibriados.
    43 | D        | Found a shadowy altar of Dithmenos.
    43 | D        | Found a white marble altar of Elyvilon.
    43 | D        | Found a blossoming altar of Fedhas.
    43 | D        | Found an opulent altar of Gozag.
    44 | D        | Found a hazy altar of Hepliaklqana.
    45 | D        | Found a viscous altar of Jiyva.
    46 | D        | Found an ancient bone altar of Kikubaaqudgha.
    47 | D        | Found a corrupted altar of Lugonu.
    48 | D        | Found a burning altar of Makhleb.
    49 | D        | Found a sparkling altar of Nemelex Xobeh.
    50 | D        | Found an iron altar of Okawaru.
    51 | D        | Found a stormy altar of Qazlal.
    52 | D        | Found a sacrificial altar of Ru.
    53 | D        | Became a worshipper of Jiyva Jigikh the Shapeless
    53 | D        | Reached * piety under Jiyva
    53 | D        | Reached ** piety under Jiyva
    53 | D        | Killed a vampire mosquito
    54 | D        | Found a shimmering blue altar of Sif Muna.
    55 | D        | Found a bloodstained altar of Trog.
    55 | D        | Killed a glowing orange brain
    55 | D        | Killed a great orb of eyes
    56 | D        | Found a hide-covered altar of Uskayaw.
    56 | D        | Killed a great orb of eyes
    56 | D        | Killed a troll
    57 | D        | Found a radiant altar of Vehumet.
    58 | D        | Found an ornate altar of the Wu Jian Council.
    58 | D        | Killed a slime creature
    59 | D        | Found a shimmering altar of Xom.
    60 | D        | Found a basalt altar of Yredelemnul.
    61 | D        | Found a glowing silver altar of Zin.
    62 | D        | Found a glowing golden altar of the Shining One.
    62 | D        | Killed a great orb of eyes
    65 | D        | Killed a slime creature
    65 | D        | Killed a yaktaur captain
    69 | D        | Killed a slime creature
    88 | D        | Noticed a two-headed ogre
    88 | D        | Noticed a wraith
    88 | D        | Noticed a yak
    88 | D        | Noticed a kobold brigand
    88 | D        | Noticed a kobold demonologist
    92 | D        | Noticed a chaos spawn
   104 | D        | Reached *** piety under Jiyva
   104 | D        | Gained mutation: Your mind is acute. (Int +2) [Jiyva's
                  | grace]
   104 | D        | Gained mutation: Your system is resistant to poisons.
                  | (rPois) [Jiyva's grace]
   104 | D        | Reached **** piety under Jiyva
   104 | D        | Lost mutation: Your mind is acute. (Int +2) [Jiyva's grace]
   104 | D        | Reached ***** piety under Jiyva
   131 | D        | Noticed an orange demon
   157 | D        | Killed a kobold demonologist
   158 | D        | Reached skill level 8 in Unarmed Combat
   158 | D        | Reached XP level 5. HP: 32/59 MP: 4/4
   158 | D        | Reached XP level 6. HP: 36/67 MP: 5/5
   175 | D        | Reached skill level 9 in Unarmed Combat
   180 | D        | Killed a yak
   181 | D        | Reached skill level 10 in Unarmed Combat
   183 | D        | Killed a wraith
   184 | D        | Reached XP level 7. HP: 60/78 MP: 6/6
   202 | D        | Killed a two-headed ogre
   203 | D        | Reached skill level 12 in Unarmed Combat
   203 | D        | Reached XP level 8. HP: 80/89 MP: 7/7
   258 | D        | Noticed a deep elf pyromancer
   258 | D        | Noticed a gargoyle
   258 | D        | Noticed a troll
   258 | D        | Noticed a centaur warrior
   263 | D        | Killed a centaur warrior
   264 | D        | Reached skill level 13 in Unarmed Combat
   265 | D        | Killed a troll
   266 | D        | Reached skill level 14 in Unarmed Combat
   266 | D        | Reached XP level 9. HP: 72/98 MP: 8/8
   270 | D        | Killed a deep elf pyromancer
   320 | D        | Gained mutation: You are agile. (Dex +2) [Jiyva's grace]
   326 | D        | Killed a gargoyle
   327 | D        | Reached skill level 15 in Unarmed Combat
   329 | D        | Lost mutation: You are agile. (Dex +2) [Jiyva's grace]
   342 | D        | Reached ****** piety under Jiyva
   343 | D        | Gained mutation: You expend magic power (3 MP) to
                  | strengthen your wands. [Jiyva's grace]
   365 | D        | Gained mutation: You are strong-willed. (Will+) [Jiyva's
                  | grace]
   377 | D        | Gained mutation: Your rubbery body absorbs attacks. (AC +1,
                  | EV +1) [Jiyva's grace]
   491 | D        | Lost mutation: You expend magic power (3 MP) to strengthen
                  | your wands. [potion of mutation]
   491 | D        | Lost mutation: Your rubbery body absorbs attacks. (AC +1,
                  | EV +1) [potion of mutation]
   491 | D        | Lost mutation: Your system is resistant to poisons. (rPois)
                  | [potion of mutation]
   491 | D        | Gained mutation: You have a pair of small horns on your
                  | head. [potion of mutation]
   491 | D        | Gained mutation: Your body sometimes deteriorates upon
                  | taking damage. [potion of mutation]
   491 | D        | Gained mutation: You have a pair of horns on your head.
                  | [potion of mutation]
   492 | D        | Lost mutation: Your body sometimes deteriorates upon taking
                  | damage. [Jiyva's power]
   493 | D        | Noticed a six-headed hydra
   493 | D        | Noticed a cane toad
   498 | D        | Noticed a rime drake
   501 | D        | Killed a cane toad
   502 | D        | Reached skill level 10 in Fighting
   502 | D        | Reached skill level 10 in Dodging
   517 | D        | Killed a nine-headed hydra
   519 | D        | Reached skill level 16 in Unarmed Combat
   519 | D        | Reached XP level 10. HP: 35/110 MP: 7/9
   595 | D        | Noticed a cane toad
   595 | D        | Noticed a black mamba
   603 | D        | Killed a black mamba
   610 | D        | Reached skill level 17 in Unarmed Combat
   611 | D        | Killed a cane toad
   613 | D        | Noticed an elephant
   635 | D        | Killed an elephant
   684 | D        | Noticed a lindwurm
   684 | D        | Noticed a lindwurm
   691 | D        | Killed a lindwurm
   692 | D        | Reached skill level 18 in Unarmed Combat
   700 | D        | Killed a lindwurm
   701 | D        | Reached XP level 11. HP: 119/119 MP: 10/10
   745 | D        | Noticed Erica
   747 | D        | Noticed Grum
   751 | D        | Killed Erica
   758 | D        | Killed Grum
   788 | D        | Noticed Urug
   795 | D        | Killed Urug
   796 | D        | Reached skill level 19 in Unarmed Combat
   861 | D        | Noticed an orc knight
   875 | D        | Killed an orc knight
   892 | D        | Noticed an orc knight
   892 | D        | Noticed an orc knight
   894 | D        | Noticed an orc knight
   896 | D        | Noticed an orc knight
   904 | D        | Killed an orc knight
   907 | D        | Killed an orc knight
   908 | D        | Reached skill level 20 in Unarmed Combat
   909 | D        | Slain by an orc knight

Illustrated notes

Levels and vault maps discovered:
D:        linesprint [early_d, line_temple, items_1, d_10, items_2, lair_1,
          lair_end, items_3, orc_1, orc_end, items_4, d_15, swamp_1, shoals_1,
          snake_1, spider_1, d_20, vaults_1, items_5, swamp_end, shoals_end,
          snake_end, spider_end, vaults_end, d_27, items_6, zot_1, zot_end,
          crypt_end, forest_end, elf_end, slime_end, tomb_end, abyss_end,
          pan_hell_end]

Skill      XL: |  1  2  3  4  5  6  7  8  9 10 11 |
---------------+----------------------------------+-----
Fighting       | 4 6 7 8 9 10 | 10.9
Dodging        | 4 6 7 8 9 10 11 12 | 12.5
Unarmed Combat | 6 8 10 12 14 16 18 20 | 20.0
Stealth        | |  1.0

Action                   |  1- 3 |  4- 6 |  7- 9 | 10-12 || total
-------------------------+-------+-------+-------+-------++-------
Melee: Unarmed           |    18 |    39 |    31 |   134 ||   222
       Punch             |       |     3 |     3 |    14 ||    20
       Headbutt          |       |       |     2 |    38 ||    40
Invok: Request Jelly     |       |       |     1 |       ||     1
       Slimify           |       |       |     1 |       ||     1
       Cure Bad Mutation |       |       |     1 |       ||     1
  Use: Scroll            |       |     1 |       |       ||     1
       Potion            |       |       |     3 |     1 ||     4
 Stab: Sleeping          |     1 |       |       |     1 ||     2
       Invisible         |       |       |     1 |     3 ||     4
Armor: Robe              |     9 |     7 |     7 |     8 ||    31
Dodge: Dodged            |    10 |    16 |    30 |    61 ||   117

Table legend: (Time is in decaauts)
 A = Elapsed time spent in this place.
 B = Non-inter-level travel time spent in this place.
 C = Inter-level travel time spent in this place.
 D = Time resting spent in this place.
 E = Time spent auto-exploring this place.
 F = Levels seen in this place.
 G = Mean time per level.
                   A        B        C        D        E       F      G
               +--------+--------+--------+--------+--------+-----+--------+
         Total |    845 |    845 |      0 |     57 |    260 |   1 |  845.0 |
       Dungeon |    845 |    845 |      0 |     57 |    260 |   1 |  845.0 |
               +--------+--------+--------+--------+--------+-----+--------+

Top non-repeatable levels by time:
       D: 845 daAuts
